 Dungeon Crawl Stone Soup version 0.29.1-13-g9f3cf754e1 (webtiles) character file.

Game seed: 12839134551134942621

34 112233 the Magician (level 3, -9/20 (21) HPs)
             Began as an Octopode Air Elementalist on Feb 9, 2023.
             Killed from afar by Jessica (12 damage)
             ... with a bolt of light
             ... on level 2 of the Dungeon.
             The game lasted 00:01:01 (1572 turns).

112233 the Magician (Octopode Air Elementalist)     Turns: 1572, Time: 00:01:01

HP:   -9/20 (21)    AC:  1    Str:  7    XL:     3   Next: 31%
MP:   3/7           EV: 13    Int: 19    God:
Gold: 51            SH:  0    Dex: 12    Spells: 5/8 levels left

rFire   . . .      SeeInvis .   e - +0 whip
rCold   . . .      Faith    .   (no shield)
rNeg    . . .      Spirit   .   (helmet restricted)
rPois   .          Reflect  .   (no amulet)
rElec   .          Harm     .   (no ring)
rCorr   .          Rampage  .   (no ring)
Will    .....                   (no ring)
Stlth   +++.......              (no ring)
HPRegen 0.06/turn               (no ring)
MPRegen 0.10/turn               (no ring)
                                (no ring)
                                (no ring)

@: on berserk cooldown, slowed, lightly drained, very slow
A: almost no armour, amphibious, 8 rings, camouflage 1, gelatinous body 1,
(nimble swimmer 1), tentacles
a: no special abilities


You were on level 2 of the Dungeon.
You visited 1 branch of the dungeon, and saw 2 of its levels.

You collected 51 gold pieces.

Inventory:

Hand Weapons
 e - a +0 whip (weapon)
Scrolls
 b - a scroll of vulnerability {unknown}
 c - a scroll of fear {unknown}
 g - a scroll of teleportation {unknown}
 h - 3 scrolls of identify {unknown}
 i - a scroll of blinking {unknown}
Potions
 a - a potion of magic
 f - a potion of cancellation {unknown}
 j - 2 potions of attraction {unknown}


   Skills:
 - Level 2.0 Dodging
 - Level 2.6 Stealth
 + Level 3.4 Spellcasting
 - Level 1.0 Conjurations
 - Level 3.0 Air Magic


You had 5 spell levels left.
You knew the following spells:

 Your Spells              Type           Power      Damage    Failure   Level
a - Shock                 Conj/Air       40%        1d5       6%          1
b - Static Discharge      Conj/Air       10%        3-5/arc   10%         2

Your spell library contained the following spells:

 Spells                   Type           Power      Damage    Failure   Level
 Swiftness                Air            14%        N/A       13%         3
 Sandblast                Erth           6%         2d5       14%         1
 Passwall                 Tmut/Erth      2%         N/A       22%         2
 Stone Arrow              Conj/Erth      10%        3d7       34%         3
 Airstrike                Air            7%         2d(1-17)  38%         4


Dungeon Overview and Level Annotations

Branches:
Dungeon (2/15)

Altars:

Annotations:
D:2 Jessica


Innate Abilities, Weirdness & Mutations

You cannot wear most types of armour.
You are amphibious.
You can wear up to eight rings at the same time.
Your skin changes colour to match your surroundings (Stealth+).
Your rubbery body absorbs attacks. (AC +1, EV +1)
((You are camouflaged when in or above water. (Stealth+)))
You have tentacles for arms and can constrict up to eight enemies at once.


Message History

The zap hits Jessica.
Jessica is severely wounded.
Jessica mumbles some strange words.
Jessica blinks!
Unknown command.
Casting: Shock (safe; 6% risk of failure)
Confirm with . or Enter, or press ? or * to list all spells.
Aiming: Shock (safe; 6% risk of failure)
Press: ? - help, Shift-Dir - straight line, f/p - Jessica
Aim: Jessica, wielding a +2 dagger of draining, wearing a +0 robe and carrying a wand of light (8) (severely wounded, 68% to hit)
The zap misses Jessica.
Jessica grins evilly.
Jessica zaps a wand.
The bolt of light hits you!
You are confused.
You're too confused to cast spells.
Unknown command.
It was a potion of berserk rage.
A red film seems to cover your vision as you go berserk!
You feel yourself moving faster!
You feel mighty!
Unknown command.
You bump into the rock wall.
You feel a strong urge to attack something.
Unknown command.
Jessica mumbles something strange.
Jessica drinks a potion.
Jessica is healed!
Unknown command.
You feel your anger nearly subside.
You feel less confused.
Jessica zaps a wand.
The bolt of light hits you!
* * * LOW HITPOINT WARNING * * *
Unknown command.
You are no longer berserk.
You are exhausted.
You feel yourself slow down.
Unknown command.
You closely miss Jessica. You grab Jessica.
You constrict Jessica, but do no damage.
Jessica mumbles some strange words.
Jessica blinks free!
Jessica zaps a wand.
The bolt of light hits you!
Ouch! That really hurt!
You die...

......)...##.####)##
#.#######.##.####..##.
.............?......
####.###.##.#.##....
##.###.##.#)# .
..$.....†...#
.###.##†#.#.#
......:§..#...
.#.##.#@#.#.##..
........#...# ..
.#.#.)..@.#.# .
#....?.#.#...
?..#........##.
.#.#.#†## #.# .... ...
.#.## ##. ..


You could see Jessica.

Vanquished Creatures
  3 bats (D:1)
  2 endoplasms (D:1)
  A goblin (D:2)
  A hobgoblin (D:1)
  5 jackals (D:1)
  3 kobolds
  5 quokkas
  4 ball pythons
  2 frilled lizards (D:2)
  3 rats
29 creatures vanquished.

Notes
Turn   | Place    | Note
-------+----------+-------------------------------------------
     0 | D:1      | 112233 the Octopode Air Elementalist began the quest for
                  | the Orb.
     0 | D:1      | Reached XP level 1. HP: 11/11 MP: 3/3
   254 | D:1      | Found a faded altar of an unknown god.
   279 | D:1      | Reached XP level 2. HP: 17/17 MP: 0/5
   351 | D:1      | Learned a level 2 spell: Static Discharge
  1283 | D:2      | Reached XP level 3. HP: 21/21 MP: 4/7
  1547 | D:2      | Noticed Jessica
  1572 | D:2      | Killed from afar by Jessica

Illustrated notes

Levels and vault maps discovered:
D:1:      denvon_arrival_planthouse, layout_loops_ring,
          ebering_ecumenical_altar_ruins
D:2:      minmay_evil_eye, layout_rooms, minmay_diced_spiral, uniq_sigmund,
          uniq_jessica

Skill      XL: |  1  2 |
---------------+-------+-----
Spellcasting   | 3 |  3.4
Dodging        | |  2.0
Stealth        | |  2.6
Conjurations   | |  1.0
Air Magic      | |  3.0

Action                   || total
-------------------------++-------
Melee: Whip              ||    26
       Tentacles         ||     9
       Constrict         ||     9
       Unarmed           ||     3
 Cast: Shock             ||    50
  Use: Potion            ||     1
 Stab: Sleeping          ||     5
Armor: Skin              ||     1
Dodge: Dodged            ||    25
